 Dungeon Crawl Stone Soup version 0.28-a0-674-gdaf460b524 (webtiles) character file.

Game seed: 1974689855068836115

560 jasper the Grave Robber (level 7, -1/52 HPs)
             Began as a Demonspawn Necromancer on Oct 17, 2021.
             Was an Initiate of Makhleb.
             Slain by a phantom (6 damage)
             ... on level 5 of the Dungeon.
             The game lasted 00:09:03 (6051 turns).

jasper the Grave Robber (Demonspawn Necromancer)    Turns: 6051, Time: 00:09:03

Health: -1/52      AC:  5    Str: 11    XL:     7   Next: 9%
Magic:  10/10      EV: 11    Int: 16    God:    Makhleb [......]
Gold:   123        SH:  0    Dex: 13    Spells: 0/10 levels left

rFire   . . .      SeeInvis .   u - +1 broad axe
rCold   + . .      Faith    .   (no shield)
rNeg    . . .      Spirit   .   s - +0 ring mail
rPois   .          Reflect  .   (no helmet)
rElec   .          Harm     .   (no cloak)
rCorr   .          Rampage  .   (no gloves)
Will    .....                   (no boots)
Stlth   +.........              (no amulet)
HPRegen 0.17/turn               i - ring of protection from fire
MPRegen 0.12/turn               m - ring of ice

@: hasted, very quick
A: ignite blood 1, powered by death 1, demonic touch 2
a: Renounce Religion


You were on level 5 of the Dungeon.
You worshipped Makhleb.
Makhleb was noncommittal.
You visited 1 branch of the dungeon, and saw 6 of its levels.

You collected 180 gold pieces.
You spent 57 gold pieces at shops.

Inventory:

Hand Weapons
 c - a +1 dagger of speed
 f - a +0 whip
 g - a +0 spear
 j - a +0 hunting sling
 n - a +0 trident
 u - a +1 broad axe (weapon)
Missiles
 k - 84 stones (quivered)
Armour
 a - a +1 robe
 p - a +0 leather armour
 s - a +0 ring mail (worn)
Jewellery
 i - a ring of protection from fire (left hand)
 m - a ring of ice (right hand)
 v - a ring of protection from fire
Scrolls
 d - 2 scrolls of enchant armour
 l - a scroll of teleportation
 r - a scroll of fear
Potions
 e - 3 potions of degeneration
 h - a potion of resistance
 o - a potion of attraction {unknown}
 q - a potion of magic {unknown}
 t - a potion of lignification {unknown}
 x - a potion of curing {unknown}


   Skills:
 + Level 3.0 Fighting
 + Level 2.7 Armour
 + Level 3.4 Dodging
 - Level 1.7 Stealth
 - Level 2.0 Spellcasting
 - Level 7.0 Necromancy


You couldn't memorise any spells.
You knew the following spells:

 Your Spells              Type           Power      Damage    Failure   Level
a - Animate Dead          Necr           12%        N/A       26%         4
b - Animate Skeleton      Necr           48%        N/A       2%          1
c - Vampiric Draining     Necr           12%        2d7       8%          3
d - Sublimation of Blood  Necr           12%        N/A       4%          2

Your spell library contained the following spells:

 Spells                   Type           Power      Damage    Failure   Level
 Pain                     Necr           96%        1d8       2%          1
 Corpse Rot               Necr/Air       24%        N/A       17%         2
 Poisonous Vapours        Pois/Air       2%         N/A       56%         2
 Agony                    Necr           24%        N/A       58%         5
 Frozen Ramparts          Ice            4%         1d2       80%         3
 Ice Form                 Ice/Tmut       2%         N/A       99%         4
 Petrify                  Tmut/Erth      1%         N/A       99%         4
 Summon Ice Beast         Ice/Summ       2%         N/A       99%         4
 Irradiate                Conj/Tmut      0%         3d13      100%        5


Dungeon Overview and Level Annotations

Branches:
Dungeon (6/15)             Temple (0/1) D:5

Altars:
Makhleb
Zin

Shops:
D:4 *

Annotations:
D:3 Grinder


Innate Abilities, Weirdness & Mutations

Your demonic aura sometimes causes spilled blood to erupt in flames.
You regenerate a little health from kills.
Your touch may inflict irresistible damage on your foes.


Message History

You take 6 damage, and have 34/52 hp.
You hit the phantom.
The phantom is severely damaged.
You miss the phantom. The phantom misses you. The phantom hits you.
The phantom blinks!
You blink.
You take 4 damage, and have 30/52 hp.
You closely miss the phantom.
You touch the phantom!
The phantom is almost destroyed.
You barely miss the phantom. The phantom barely misses you. x2
The phantom hits you but does no damage.
You miss the phantom.
The phantom is almost destroyed.
You miss the phantom. The phantom hits you.
The phantom blinks!
You blink.
The phantom hits you but does no damage.
You take 5 damage, and have 26/52 hp.
You closely miss the phantom.
The phantom is moderately damaged.
The phantom closely misses you.
You closely miss the phantom.
You touch the phantom.
The phantom is heavily damaged.
The phantom closely misses you. The phantom hits you.
The phantom blinks!
You blink.
You take 5 damage, and have 21/52 hp.
You closely miss the phantom.
The phantom is heavily damaged.
The phantom hits you. The phantom completely misses you.
You take 4 damage, and have 17/52 hp.
You closely miss the phantom.
You touch the phantom.
The phantom is heavily damaged.
The phantom hits you.
* * * LOW HITPOINT WARNING * * *
The phantom blinks!
You blink.
You take 6 damage, and have 11/52 hp.
You miss the phantom.
The phantom is heavily damaged.
The phantom misses you. The phantom barely misses you.
You feel yourself speed up. The phantom hits you.
* * * LOW HITPOINT WARNING * * *
The phantom hits you.
You die...

#.......# ####.......#
##..........#
#..##.......#
##.###.......# ...#
#.......# .###
#.......# ##
##.########### ##.#
#..W@.# #### #..#
#...W.# ...###.###
#.....#
.........####.....#
...##..#..........#
...##.#######.....#
.......# #.....#
...##..######.....#
.........รท........####


You could see 2 phantoms.

Vanquished Creatures
  A black bear (D:5)
  An ice beast (D:5)
  2 ogres (D:4)
  A hound (D:3)
  A jelly (D:4)
  A hound skeleton (D:4)
  5 adders
  An adder skeleton (D:5)
  2 worms (D:4)
  A dart slug (D:3)
  2 orcs (D:4)
  8 bats
  11 endoplasms
  A giant cockroach (D:1)
  4 goblins
  13 hobgoblins
  4 jackals (D:2)
  2 kobolds (D:1)
  3 quokkas
  6 ball pythons
  2 frilled lizards (D:1)
  5 rats
77 creatures vanquished.

Notes
Turn   | Place    | Note
-------+----------+-------------------------------------------
     0 | D:1      | jasper the Demonspawn Necromancer began the quest for the
                  | Orb.
     0 | D:1      | Reached XP level 1. HP: 13/13 MP: 3/3
   251 | D:1      | Gained mutation: Your touch may inflict minor irresistible
                  | damage on your foes. [demonic ancestry]
   251 | D:1      | Reached XP level 2. HP: 14/19 MP: 0/5
   253 | D:1      | Learned a level 1 spell: Animate Skeleton
   354 | D:1      | Reached skill level 5 in Necromancy
   912 | D:1      | Found a faded altar of an unknown god.
   976 | D:1      | Gained mutation: Your touch may inflict irresistible damage
                  | on your foes. [demonic ancestry]
   976 | D:1      | Reached XP level 3. HP: 19/24 MP: 0/6
  1538 | D:2      | Learned a level 3 spell: Vampiric Draining
  1836 | D:2      | Reached skill level 6 in Necromancy
  1888 | D:2      | You fall into a shaft and drop 2 floors!
  1902 | D:3      | Found a burning altar of Makhleb.
  1918 | D:3      | Noticed a cacodemon
  1922 | D:3      | Noticed an angel
  1925 | D:3      | Became a worshipper of Makhleb the Destroyer
  1931 | D:3      | Noticed Grinder
  2977 | D:3      | Gained mutation: Your demonic aura sometimes causes spilled
                  | blood to erupt in flames. [demonic ancestry]
  2977 | D:3      | Reached XP level 4. HP: 29/30 MP: 7/7
  2980 | D:3      | Learned a level 2 spell: Sublimation of Blood
  3875 | D:4      | Found Pomon's Assorted Antiques.
  3881 | D:4      | Bought a cyan potion for 27 gold pieces
  3881 | D:4      | Bought a scroll labelled NUCAHI KUUVOESHRAD for 30 gold
                  | pieces
  3895 | D:4      | Noticed an ogre
  3908 | D:4      | Killed an ogre
  3909 | D:4      | Reached skill level 7 in Necromancy
  3909 | D:4      | Reached skill level 1 in Fighting
  3909 | D:4      | Reached skill level 1 in Armour
  3909 | D:4      | Reached XP level 5. HP: 18/37 MP: 1/8
  4095 | D:4      | Noticed an ogre
  4103 | D:4      | HP: 1/37 [ogre (16)]
  4113 | D:4      | Killed an ogre
  4114 | D:4      | Gained mutation: You regenerate a little health from kills.
                  | [demonic ancestry]
  4114 | D:4      | Reached XP level 6. HP: 31/44 MP: 1/9
  5250 | D:5      | Entered Level 5 of the Dungeon
  5553 | D:5      | Found a staircase to the Ecumenical Temple.
  5559 | D:5      | Noticed an ice beast
  5570 | D:5      | Killed an ice beast
  5805 | D:5      | Reached XP level 7. HP: 27/52 MP: 3/10
  6029 | D:5      | Learned a level 4 spell: Animate Dead
  6051 | D:5      | Slain by a phantom

Illustrated notes

Levels and vault maps discovered:
D:1:      giann_wishing_wells, layout_rooms, ebering_ecumenical_altar_abandoned,
          minmay_pentomino_r4
D:2:      layout_basic
D:3:      layout_rooms, grunt_temple_overflow_order_and_chaos_2,
          mainiacjoe_overflow_paths, uniq_grinder
D:4:      layout_loops_corners, serial_shops, shop, minmay_distorted
D:5:      layout_rooms, minmay_temple_entry_ruins
D:6:      layout_gridville, amethyst_overflow_temple_binary,
          minmay_fountain_box, minmay_manual_mail

Skill      XL: |  1  2  3  4  5  6 |
---------------+-------------------+-----
Necromancy     | 5 6 7 |  7.0
Fighting       | 1 3 |  3.0
Armour         | 1 2 |  2.7
Dodging        | 2 3 |  3.4
Stealth        | |  1.7
Spellcasting   | |  2.0

Action                   |  1- 3 |  4- 6 |  7- 9 || total
-------------------------+-------+-------+-------++-------
Melee: Dagger            |    43 |    23 |       ||    66
       Touch             |     7 |    10 |     3 ||    20
       Broad axe         |       |    19 |    13 ||    32
 Fire: Hunting sling     |       |    72 |     1 ||    73
 Cast: Pain              |    60 |     5 |       ||    65
       Vampiric Draining |     1 |    21 |       ||    22
  Use: Scroll            |     5 |     3 |     2 ||    10
       Potion            |       |     1 |     1 ||     2
 Stab: Sleeping          |     3 |       |       ||     3
Armor: Robe              |     5 |       |       ||     5
       Ring mail         |     1 |    36 |     3 ||    40
Dodge: Dodged            |    23 |    57 |    18 ||    98

Table legend: (Time is in decaauts)
 A = Elapsed time spent in this place.
 B = Non-inter-level travel time spent in this place.
 C = Inter-level travel time spent in this place.
 D = Time resting spent in this place.
 E = Time spent auto-exploring this place.
 F = Levels seen in this place.
 G = Mean time per level.
                   A        B        C        D        E       F      G
               +--------+--------+--------+--------+--------+-----+--------+
         Total |   6057 |   5732 |    325 |   1552 |   3327 |   6 | 1009.5 |
       Dungeon |   6057 |   5732 |    325 |   1552 |   3327 |   6 | 1009.5 |
               +--------+--------+--------+--------+--------+-----+--------+

Top non-repeatable levels by time:
     D:4: 1676 daAuts
     D:2: 1657 daAuts
     D:1: 1526 daAuts
     D:5: 815 daAuts
     D:3: 375 daAuts
     D:6: 6 daAuts
